Toronto St Pats vs Laval Squanderers
Created - Thursday, May 18, 2023 at 07:01
Goals
|
| Toronto St Pats |
0 |
0 |
1 |
1 |
| Laval Squanderers |
0 |
1 |
3 |
4 |
|
Shots
|
| Toronto St Pats |
3 |
6 |
14 |
23 |
| Laval Squanderers |
11 |
10 |
17 |
38 |
|
1st period
No Goal
Penalties :
Kaedan Korczak (LSQ) for Fighting (Major) at 0:58, Nikita Okhotyuk (TSP) for Fighting (Major) at 0:58, Graeme Clarke (LSQ) for Holding (Minor) at 1:53
2nd period
1. Laval Squanderers , Mark Kastelic 25 (Lukas Reichel 11) at 18:27 (SH)
Penalties :
Oliver Wahlstrom (LSQ) for Fighting (Major) at 1:09, Austin Watson (TSP) for Fighting (Major) at 1:09, Braden Schneider (LSQ) for Fighting (Major) at 1:16, Pierre-Olivier Joseph (TSP) for Fighting (Major) at 1:16, Alex Green (LSQ) for Fighting (Major) at 3:13, Glenn Gawdin (TSP) for Fighting (Major) at 3:13, Quinton Byfield (TSP) for Hooking (Minor) at 3:24, Graeme Clarke (LSQ) for Fighting (Major) at 13:16, Luke Henman (TSP) for Fighting (Major) at 13:16, Rudolfs Balcers (TSP) for Tripping (Minor) at 13:57, Oliver Wahlstrom (LSQ) for Holding (Minor) at 18:01
3rd period
2. Laval Squanderers , Lukas Reichel 12 (Simon Holmstrom 25) at 1:11
3. Toronto St Pats , Ivan Lodnia 8 (Scott Perunovich 12, Dylan Samberg 23) at 2:02
4. Laval Squanderers , Brayden Tracey 9 (Martin Kaut 22, Graeme Clarke 17) at 5:23
5. Laval Squanderers , Brayden Tracey 10 (Martin Kaut 23, Braden Schneider 26) at 6:17
Penalties :
Mark Kastelic (LSQ) for Fighting (Major) at 1:29, Quinton Byfield (TSP) for Fighting (Major) at 1:29, Simon Holmstrom (LSQ) for Fighting (Major) at 2:20, Dylan Samberg (TSP) for Fighting (Major) at 2:20, Glenn Gawdin (TSP) for Diving (Minor) at 6:41, Jesse Puljujarvi (TSP) for Interference (Minor) at 11:21, Kyle Burroughs (LSQ) for Hooking (Minor) at 17:38
Goalie Stats
Jakub Skarek (TSP), 34 saves from 38 shots - (0.895), L, 6-9-3, 60:00 minutes
Mads Sogaard (LSQ), 22 saves from 23 shots - (0.957), W, 15-15-4, 60:00 minutes
Players Stats for Toronto St Pats
Player Name G A P +/- PIM S H SB GA TA FO MP PP MP PK MP
------------------------------------------------------------------------------------
Antonio Stranges 0 0 0 1 0 0 1 0 0 0 0/0 10:39 0:00 0:22
Austin Watson 0 0 0 -1 5 4 1 1 0 0 0/0 19:54 2:44 3:23
Brad Malone 0 0 0 -2 0 1 2 0 0 0 0/2 14:47 0:00 2:53
Connor Dewar 0 0 0 0 0 0 0 0 0 0 0/0 9:06 0:00 0:06
Dylan Samberg 0 1 1 -1 5 2 2 1 1 0 0/0 24:47 3:08 3:30
Glenn Gawdin 0 0 0 -2 7 0 0 1 0 0 1/7 14:50 2:44 1:10
Ivan Lodnia 1 0 1 1 0 1 1 0 0 0 0/0 10:29 0:00 0:00
Jake Leschyshyn 0 0 0 0 0 0 1 0 0 0 6/12 13:07 0:00 4:33
Jesse Puljujarvi 0 0 0 -2 2 3 3 0 1 0 1/2 19:27 3:13 0:00
Lassi Thomson 0 0 0 -1 0 1 2 2 0 1 0/0 27:07 3:08 4:08
Liam Foudy 0 0 0 -1 0 2 2 0 2 0 4/5 16:21 2:44 1:37
Lucas Carlsson 0 0 0 -2 0 0 1 3 2 0 0/0 19:29 2:49 3:48
Luke Henman 0 0 0 1 5 3 2 1 0 0 0/3 9:57 0:00 0:00
Nikita Okhotyuk 0 0 0 -2 5 0 0 0 0 0 0/0 10:01 0:00 0:00
Pierre-Olivier Joseph 0 0 0 0 5 0 1 1 0 0 0/0 18:02 0:00 2:56
Quinton Byfield 0 0 0 -1 7 1 1 2 0 0 11/29 16:20 3:13 0:00
Rudolfs Balcers 0 0 0 -3 2 3 1 0 0 0 0/0 17:30 3:13 1:48
Scott Perunovich 0 1 1 0 0 2 2 1 1 2 0/0 20:05 2:49 1:35
Players Stats for Laval Squanderers
Player Name G A P +/- PIM S H SB GA TA FO MP PP MP PK MP
------------------------------------------------------------------------------------
Alex Green 0 0 0 2 5 2 1 1 0 0 0/0 14:31 0:00 0:00
Braden Schneider 0 1 1 2 5 0 2 1 0 0 0/0 21:57 3:14 3:22
Brayden Tracey 2 0 2 1 0 2 4 0 0 1 2/5 10:23 2:15 0:00
Danila Klimovich 0 0 0 1 0 1 1 0 0 0 5/6 12:25 0:00 0:00
Graeme Clarke 0 1 1 3 7 1 0 0 0 0 10/15 15:23 2:40 0:22
Joey Keane 0 0 0 0 0 1 0 0 0 0 1/1 9:00 0:18 0:30
Justin Barron 0 0 0 -1 0 4 1 2 0 2 0/0 22:06 3:42 2:31
Kaedan Korczak 0 0 0 2 5 0 0 0 0 0 0/0 14:02 0:00 0:33
Kyle Burroughs 0 0 0 2 2 0 2 3 0 1 0/0 22:23 4:14 2:27
Lukas Reichel 1 1 2 2 0 3 1 0 0 0 0/0 15:37 0:00 1:21
Mackenzie MacEachern 0 0 0 -1 0 3 0 0 0 0 3/3 19:35 3:39 2:47
Mark Kastelic 1 0 1 1 5 3 2 0 0 0 14/23 16:57 3:39 2:46
Martin Kaut 0 2 2 2 0 4 1 1 0 0 0/4 19:51 3:38 2:48
Mike Hardman 0 0 0 0 0 3 2 0 2 0 0/0 8:25 0:21 0:19
Nils Lundkvist 0 0 0 -1 0 2 1 1 1 0 0/0 22:19 4:24 2:31
Oliver Wahlstrom 0 0 0 -1 7 5 3 1 0 0 2/3 19:50 3:04 1:43
Reese Johnson 0 0 0 1 0 1 2 1 0 1 0/0 14:26 1:11 0:00
Simon Holmstrom 0 1 1 0 5 3 1 1 0 2 0/0 14:55 3:21 0:00
3 Stars
1 - Brayden Tracey (LSQ)
2 - Lukas Reichel (LSQ)
3 - Martin Kaut (LSQ)
Power Play
Toronto St Pats - 0 on 3 Attempt(s) - 0.00%
Laval Squanderers - 0 on 4 Attempt(s) - 0.00%
Penalty Kill
Toronto St Pats - 4 on 4 Attempt(s) - 100.00%
- Score 0 goal in Penalty Kill
Laval Squanderers - 3 on 3 Attempt(s) - 100.00%
- Score 1 goal in Penalty Kill
Team Stat
Toronto St Pats - Hits : 23 - Faceoff Wins : 23 - Blocked Shots : 13 - Penalty Minutes : 43
Laval Squanderers - Hits : 24 - Faceoff Wins : 37 - Blocked Shots : 12 - Penalty Minutes : 41
Official
Referees : Justin StPierre and Jacob Brenk
Linesman : Ryan Galloway and Kiel Murchison
Game Notes
Nikita Okhotyuk beats up Kaedan Korczak at 0:58 of 1st period
Austin Watson beats up Oliver Wahlstrom at 1:09 of 2nd period
Braden Schneider and Pierre-Olivier Joseph fight to a draw at 1:16 of 2nd period
Alex Green and Glenn Gawdin fight to a draw at 3:13 of 2nd period
Graeme Clarke beats up Luke Henman at 13:16 of 2nd period
Mark Kastelic and Quinton Byfield fight to a draw at 1:29 of 3rd period
Simon Holmstrom and Dylan Samberg fight to a draw at 2:20 of 3rd period
Toronto St Pats
5 vs 5 Forward
Center Left Wing Right Wing Time % Phy DF OF
1 Quinton Byfield Austin Watson Jesse Puljujarvi 40 1 2 2
2 Glenn Gawdin Brad Malone Rudolfs Balcers 30 1 2 2
3 Jake Leschyshyn Connor Dewar Liam Foudy 20 1 2 2
4 Luke Henman Antonio Stranges Ivan Lodnia 10 1 2 2
5 vs 5 Defense
Defense Defense Time % Phy DF OF
1 Dylan Samberg Lassi Thomson 40 1 2 2
2 Pierre-Olivier Joseph Scott Perunovich 30 1 2 2
3 Lucas Carlsson Nikita Okhotyuk 20 1 2 2
4 Pierre-Olivier Joseph Scott Perunovich 10 1 2 2
PowerPlay Forward
Center Left Wing Right Wing Time % Phy DF OF
1 Quinton Byfield Rudolfs Balcers Jesse Puljujarvi 60 1 2 2
2 Glenn Gawdin Austin Watson Liam Foudy 40 1 2 2
PowerPlay Defense
Defense Defense Time % Phy DF OF
1 Dylan Samberg Lassi Thomson 60 1 2 2
2 Scott Perunovich Lucas Carlsson 40 1 2 2
Penalty Kill 4 Players Forward
Center Wing Time % Phy DF OF
1 Jake Leschyshyn Austin Watson 60 1 2 2
2 Glenn Gawdin Rudolfs Balcers 40 1 2 2
Penalty Kill 4 Players Defense
Defense Defense Time % Phy DF OF
1 Dylan Samberg Lassi Thomson 60 1 2 2
2 Lucas Carlsson Pierre-Olivier Joseph 40 1 2 2
Penalty Kill - 3 Players Forward
Forward Time % Phy DF OF
1 Jake Leschyshyn 60 1 2 2
2 Glenn Gawdin 40 1 2 2
Penalty Kill - 3 Players Defense
Defense Defense Time % Phy DF OF
1 Dylan Samberg Lassi Thomson 60 1 2 2
2 Lucas Carlsson Pierre-Olivier Joseph 40 1 2 2
4 vs 4 Forward
Center Wing Time % Phy DF OF
1 Jake Leschyshyn Liam Foudy 60 1 2 2
2 Glenn Gawdin Rudolfs Balcers 40 1 2 2
4 vs 4 Defense
Defense Defense Time % Phy DF OF
1 Pierre-Olivier Joseph Scott Perunovich 60 1 2 2
2 Lucas Carlsson Nikita Okhotyuk 40 1 2 2
Last Minutes Offensive
Center Left Wing Right Wing Defense Defense
Quinton Byfield Rudolfs Balcers Jesse Puljujarvi Dylan Samberg Lassi Thomson
Last Minutes Defensive
Center Left Wing Right Wing Defense Defense
Glenn Gawdin Austin Watson Rudolfs Balcers Dylan Samberg Lassi Thomson
Goaltenders
Starting : Jakub Skarek
Backup : Jonathan Bernier
Extra Forwards
Normal : Liam Foudy, Ivan Lodnia, Luke Henman - PP : Brad Malone, Connor Dewar - PK : Brad Malone
Extra Defensemen
Normal : Lucas Carlsson, Nikita Okhotyuk, Scott Perunovich - PP : Pierre-Olivier Joseph - PK : Scott Perunovich, Nikita Okhotyuk
Penalty Shots
Quinton Byfield, Glenn Gawdin, Liam Foudy, Austin Watson, Pierre-Olivier Joseph
Laval Squanderers
5 vs 5 Forward
Center Left Wing Right Wing Time % Phy DF OF
1 Mark Kastelic Mackenzie MacEachern Oliver Wahlstrom 30 1 2 2
2 Graeme Clarke Simon Holmstrom Martin Kaut 30 1 2 2
3 Danila Klimovich Lukas Reichel Reese Johnson 25 1 2 2
4 Oliver Wahlstrom Mike Hardman Joey Keane 15 1 2 2
5 vs 5 Defense
Defense Defense Time % Phy DF OF
1 Kyle Burroughs Braden Schneider 35 1 2 2
2 Nils Lundkvist Justin Barron 35 1 2 2
3 Alex Green Kaedan Korczak 30 1 2 2
4 Kyle Burroughs Braden Schneider 0 1 2 2
PowerPlay Forward
Center Left Wing Right Wing Time % Phy DF OF
1 Mark Kastelic Mackenzie MacEachern Oliver Wahlstrom 50 1 2 2
2 Graeme Clarke Simon Holmstrom Martin Kaut 50 1 2 2
PowerPlay Defense
Defense Defense Time % Phy DF OF
1 Kyle Burroughs Braden Schneider 50 1 2 2
2 Nils Lundkvist Justin Barron 50 1 2 2
Penalty Kill 4 Players Forward
Center Wing Time % Phy DF OF
1 Oliver Wahlstrom Mark Kastelic 50 1 2 2
2 Martin Kaut Mackenzie MacEachern 50 1 2 2
Penalty Kill 4 Players Defense
Defense Defense Time % Phy DF OF
1 Kyle Burroughs Braden Schneider 50 1 2 2
2 Nils Lundkvist Justin Barron 50 1 2 2
Penalty Kill - 3 Players Forward
Forward Time % Phy DF OF
1 Oliver Wahlstrom 50 1 2 2
2 Mark Kastelic 50 1 2 2
Penalty Kill - 3 Players Defense
Defense Defense Time % Phy DF OF
1 Kyle Burroughs Braden Schneider 50 1 2 2
2 Nils Lundkvist Justin Barron 50 1 2 2
4 vs 4 Forward
Center Wing Time % Phy DF OF
1 Oliver Wahlstrom Mark Kastelic 50 1 2 2
2 Martin Kaut Mackenzie MacEachern 50 1 2 2
4 vs 4 Defense
Defense Defense Time % Phy DF OF
1 Kyle Burroughs Braden Schneider 50 1 2 2
2 Nils Lundkvist Justin Barron 50 1 2 2
Last Minutes Offensive
Center Left Wing Right Wing Defense Defense
Mark Kastelic Mackenzie MacEachern Oliver Wahlstrom Kyle Burroughs Braden Schneider
Last Minutes Defensive
Center Left Wing Right Wing Defense Defense
Mark Kastelic Mackenzie MacEachern Oliver Wahlstrom Kyle Burroughs Braden Schneider
Goaltenders
Starting : Mads Sogaard
Backup : Dylan Garand
Extra Forwards
Normal : Brayden Tracey, Reese Johnson, Lukas Reichel - PP : Brayden Tracey, Reese Johnson - PK : Lukas Reichel
Extra Defensemen
Normal : Alex Green, Kaedan Korczak, Joey Keane - PP : Alex Green - PK : Kaedan Korczak, Joey Keane
Penalty Shots
Oliver Wahlstrom, Mark Kastelic, Martin Kaut, Mackenzie MacEachern, Reese Johnson
% Time on Ice - Toronto St Pats
Lines # - Real PCT - Wanted PCT - Time Play
Normal Forward
1 - 35% - 40% - 16:05
2 - 26% - 30% - 11:47
3 - 18% - 20% - 8:29
4 - 21% - 10% - 9:46
Normal Defense
1 - 43% - 40% - 19:51
2 - 30% - 30% - 13:44
3 - 21% - 20% - 9:45
4 - 6% - 10% - 2:47
PP Forward
1 - 54% - 60% - 3:13
2 - 46% - 40% - 2:44
PP Defense
1 - 53% - 60% - 3:08
2 - 47% - 40% - 2:49
PK Forward
1 - 78% - 60% - 6:13
2 - 22% - 40% - 1:43
PK Defense
1 - 52% - 60% - 4:08
2 - 48% - 40% - 3:48
PK3 Forward
1 - 0% - 60%
2 - 0% - 40%
PK3 Defense
1 - 0% - 60%
2 - 0% - 40%
44 Forward
1 - 0% - 60%
2 - 0% - 40%
44 Defense
1 - 0% - 60%
2 - 0% - 40%
Last Minute Offensive - 0:00
Last Minute Defensive - 0:00
Total
Forward - 60:00
Defense - 60:00
|
% Time on Ice - Laval Squanderers
Lines # - Real PCT - Wanted PCT - Time Play
Normal Forward
1 - 29% - 30% - 13:13
2 - 29% - 30% - 13:36
3 - 27% - 25% - 12:25
4 - 15% - 15% - 6:53
Normal Defense
1 - 33% - 35% - 15:23
2 - 34% - 35% - 15:45
3 - 32% - 30% - 14:59
4 - 0% - 0% - 0:00
PP Forward
1 - 52% - 50% - 4:09
2 - 48% - 50% - 3:47
PP Defense
1 - 53% - 50% - 4:14
2 - 47% - 50% - 3:42
PK Forward
1 - 52% - 50% - 3:05
2 - 48% - 50% - 2:52
PK Defense
1 - 58% - 50% - 3:26
2 - 42% - 50% - 2:31
PK3 Forward
1 - 0% - 50%
2 - 0% - 50%
PK3 Defense
1 - 0% - 50%
2 - 0% - 50%
44 Forward
1 - 0% - 50%
2 - 0% - 50%
44 Defense
1 - 0% - 50%
2 - 0% - 50%
Last Minute Offensive - 0:00
Last Minute Defensive - 0:00
Total
Forward - 60:00
Defense - 60:00
|
Play-by-Play
1st period
0:01 of 1st period - Mark Kastelic wins face-off versus Quinton Byfield in neutral zone.
0:06 of 1st period - Wrist shot by Mark Kastelic.
0:06 of 1st period - Stopped by Jakub Skarek with a rebound.
0:08 of 1st period - Slapshot by Mackenzie MacEachern.
0:08 of 1st period - Shot Misses the Net.
0:43 of 1st period - Icing by Simon Holmstrom.
0:44 of 1st period - Danila Klimovich wins face-off versus Jake Leschyshyn in Laval Squanderers zone.
0:51 of 1st period - Snap shot by Lukas Reichel.
0:51 of 1st period - Stopped by Jakub Skarek with a rebound.
0:53 of 1st period - Snap shot by Justin Barron.
0:53 of 1st period - Stopped by Jakub Skarek without a rebound.
0:54 of 1st period - Oliver Wahlstrom wins face-off versus Luke Henman in Toronto St Pats zone.
0:55 of 1st period - Snap shot by Mike Hardman.
0:55 of 1st period - Shot Misses the Net.
0:57 of 1st period - Wrist shot by Oliver Wahlstrom.
0:57 of 1st period - Shot Misses the Net.
0:58 of 1st period - Nikita Okhotyuk beats up Kaedan Korczak.
0:58 of 1st period - Penalty to Kaedan Korczak for Fighting.
0:58 of 1st period - Penalty to Nikita Okhotyuk for Fighting.
0:59 of 1st period - Oliver Wahlstrom wins face-off versus Quinton Byfield in Toronto St Pats zone.
1:07 of 1st period - Snap shot by Mike Hardman.
1:07 of 1st period - Shot Blocked by Quinton Byfield.
1:09 of 1st period - Slapshot by Braden Schneider.
1:09 of 1st period - Shot Blocked by Scott Perunovich.
1:11 of 1st period - Snap shot by Mike Hardman.
1:11 of 1st period - Shot Blocked by Lucas Carlsson.
1:15 of 1st period - Slapshot by Mike Hardman.
1:15 of 1st period - Stopped by Jakub Skarek with a rebound.
1:25 of 1st period - Rudolfs Balcers is hit by Danila Klimovich and loses puck.
1:32 of 1st period - Snap shot by Reese Johnson.
1:32 of 1st period - Shot Misses the Net.
1:53 of 1st period - Minor Penalty to Graeme Clarke for Holding.
1:54 of 1st period - Mark Kastelic wins face-off versus Quinton Byfield in Laval Squanderers zone.
2:08 of 1st period - Kyle Burroughs is hit by Jesse Puljujarvi and loses puck.
2:19 of 1st period - Dylan Samberg is hit by Oliver Wahlstrom and loses puck.
3:42 of 1st period - Glenn Gawdin is hit by Mike Hardman and loses puck.
3:53 of 1st period - Penalty to Graeme Clarke is over, Graeme Clarke is back on ice.
4:09 of 1st period - Snap shot by Lukas Reichel.
4:09 of 1st period - Deflect By Danila Klimovich.
4:09 of 1st period - Stopped by Jakub Skarek with a rebound.
5:28 of 1st period - Icing by Reese Johnson.
5:29 of 1st period - Jake Leschyshyn wins face-off versus Mark Kastelic in Laval Squanderers zone.
5:44 of 1st period - Justin Barron is hit by Antonio Stranges.
5:50 of 1st period - Slapshot by Lassi Thomson.
5:50 of 1st period - Shot Blocked by Nils Lundkvist.
5:52 of 1st period - Wrist shot by Ivan Lodnia.
5:52 of 1st period - Shot Blocked by Justin Barron.
5:54 of 1st period - Snap shot by Ivan Lodnia.
5:54 of 1st period - Deflect By Luke Henman.
5:54 of 1st period - Shot Blocked by Simon Holmstrom.
5:54 of 1st period - Puck is out of play.
5:55 of 1st period - Danila Klimovich wins face-off versus Glenn Gawdin in Laval Squanderers zone.
6:27 of 1st period - Wrist shot by Quinton Byfield.
6:27 of 1st period - Shot Blocked by Oliver Wahlstrom.
6:57 of 1st period - Martin Kaut is hit by Liam Foudy and loses puck.
7:12 of 1st period - Wrist shot by Martin Kaut.
7:12 of 1st period - Deflect By Simon Holmstrom.
7:12 of 1st period - Deflect By Connor Dewar.
7:12 of 1st period - Stopped by Jakub Skarek without a rebound.
7:13 of 1st period - Quinton Byfield wins face-off versus Mark Kastelic in Toronto St Pats zone.
7:45 of 1st period - Scott Perunovich is hit by Reese Johnson and loses puck.
8:04 of 1st period - Snap shot by Rudolfs Balcers.
8:04 of 1st period - Shot Misses the Net.
8:10 of 1st period - Snap shot by Rudolfs Balcers.
8:10 of 1st period - Shot Misses the Net.
8:22 of 1st period - Wrist shot by Oliver Wahlstrom.
8:22 of 1st period - Shot Misses the Net.
8:24 of 1st period - Backhand shot by Martin Kaut.
8:24 of 1st period - Shot Blocked by Austin Watson.
8:26 of 1st period - Snap shot by Simon Holmstrom.
8:26 of 1st period - Shot Blocked by Quinton Byfield.
8:40 of 1st period - Snap shot by Lukas Reichel.
8:40 of 1st period - Stopped by Jakub Skarek without a rebound.
8:41 of 1st period - Danila Klimovich wins face-off versus Jake Leschyshyn in Toronto St Pats zone.
10:28 of 1st period - Icing by Alex Green.
10:29 of 1st period - Danila Klimovich wins face-off versus Quinton Byfield in Laval Squanderers zone.
11:54 of 1st period - Snap shot by Oliver Wahlstrom.
11:54 of 1st period - Stopped by Jakub Skarek without a rebound.
11:55 of 1st period - Mark Kastelic wins face-off versus Glenn Gawdin in Toronto St Pats zone.
11:56 of 1st period - Wrist shot by Oliver Wahlstrom.
11:56 of 1st period - Stopped by Jakub Skarek without a rebound.
11:57 of 1st period - Mark Kastelic wins face-off versus Quinton Byfield in Toronto St Pats zone.
11:58 of 1st period - Slapshot by Oliver Wahlstrom.
11:58 of 1st period - Stopped by Jakub Skarek with a rebound.
12:13 of 1st period - Snap shot by Austin Watson.
12:13 of 1st period - Stopped by Mads Sogaard with a rebound.
12:34 of 1st period - Snap shot by Martin Kaut.
12:34 of 1st period - Shot Blocked by Lucas Carlsson.
12:44 of 1st period - Wrist shot by Rudolfs Balcers.
12:44 of 1st period - Deflect By Luke Henman.
12:44 of 1st period - Stopped by Mads Sogaard with a rebound.
12:48 of 1st period - Backhand shot by Luke Henman.
12:48 of 1st period - Stopped by Mads Sogaard without a rebound.
12:49 of 1st period - Mark Kastelic wins face-off versus Luke Henman in Laval Squanderers zone.
12:49 of 1st period - Mark Kastelic is hit by Luke Henman.
13:01 of 1st period - Slapshot by Oliver Wahlstrom.
13:01 of 1st period - Stopped by Jakub Skarek without a rebound.
13:02 of 1st period - Quinton Byfield wins face-off versus Graeme Clarke in Toronto St Pats zone.
14:50 of 1st period - Snap shot by Mark Kastelic.
14:50 of 1st period - Shot Misses the Net.
16:53 of 1st period - Dylan Samberg is hit by Nils Lundkvist and loses puck.
17:21 of 1st period - Braden Schneider is hit by Ivan Lodnia and loses puck.
17:51 of 1st period - Joey Keane is hit by Jesse Puljujarvi and loses puck.
18:13 of 1st period - Simon Holmstrom is hit by Liam Foudy and loses puck.
19:58 of 1st period - Reese Johnson is hit by Luke Henman and loses puck.
Goals for this period are 0 for Toronto St Pats vs 0 for Laval Squanderers.
Shots for this period are 3 for Toronto St Pats vs 11 for Laval Squanderers.
2nd period
0:01 of 2nd period - Mark Kastelic wins face-off versus Quinton Byfield in neutral zone.
0:12 of 2nd period - Slapshot by Mackenzie MacEachern.
0:12 of 2nd period - Shot Misses the Net.
0:33 of 2nd period - Snap shot by Rudolfs Balcers.
0:33 of 2nd period - Shot Misses the Net.
0:35 of 2nd period - Slapshot by Dylan Samberg.
0:35 of 2nd period - Stopped by Mads Sogaard with a rebound.
0:37 of 2nd period - Slapshot by Glenn Gawdin.
0:37 of 2nd period - Deflect By Rudolfs Balcers.
0:37 of 2nd period - Stopped by Mads Sogaard with a rebound.
0:55 of 2nd period - Off-side.
0:56 of 2nd period - Mark Kastelic wins face-off versus Quinton Byfield in neutral zone.
1:09 of 2nd period - Austin Watson beats up Oliver Wahlstrom.
1:09 of 2nd period - Penalty to Oliver Wahlstrom for Fighting.
1:09 of 2nd period - Penalty to Austin Watson for Fighting.
1:10 of 2nd period - Quinton Byfield wins face-off versus Mark Kastelic in Toronto St Pats zone.
1:16 of 2nd period - Braden Schneider and Pierre-Olivier Joseph fight to a draw.
1:16 of 2nd period - Penalty to Braden Schneider for Fighting.
1:16 of 2nd period - Penalty to Pierre-Olivier Joseph for Fighting.
1:17 of 2nd period - Jesse Puljujarvi wins face-off versus Mark Kastelic in Laval Squanderers zone.
1:18 of 2nd period - Wrist shot by Liam Foudy.
1:18 of 2nd period - Stopped by Mads Sogaard without a rebound.
1:19 of 2nd period - Quinton Byfield wins face-off versus Mark Kastelic in Laval Squanderers zone.
1:22 of 2nd period - Wrist shot by Jesse Puljujarvi.
1:22 of 2nd period - Shot Misses the Net.
1:44 of 2nd period - Justin Barron is hit by Dylan Samberg and loses puck.
2:07 of 2nd period - Slapshot by Lassi Thomson.
2:07 of 2nd period - Stopped by Mads Sogaard without a rebound.
2:08 of 2nd period - Joey Keane wins face-off versus Luke Henman in Laval Squanderers zone.
2:08 of 2nd period - Joey Keane is hit by Scott Perunovich.
2:29 of 2nd period - Snap shot by Mike Hardman.
2:29 of 2nd period - Stopped by Jakub Skarek with a rebound.
2:45 of 2nd period - Snap shot by Ivan Lodnia.
2:45 of 2nd period - Shot Blocked by Kyle Burroughs.
2:47 of 2nd period - Slapshot by Lucas Carlsson.
2:47 of 2nd period - Shot Misses the Net.
2:49 of 2nd period - Slapshot by Scott Perunovich.
2:49 of 2nd period - Shot Misses the Net.
2:51 of 2nd period - Snap shot by Lucas Carlsson.
2:51 of 2nd period - Deflect By Ivan Lodnia.
2:51 of 2nd period - Shot Blocked by Alex Green.
2:51 of 2nd period - Puck is out of play.
2:52 of 2nd period - Mark Kastelic wins face-off versus Quinton Byfield in Laval Squanderers zone.
3:08 of 2nd period - Off-side.
3:09 of 2nd period - Graeme Clarke wins face-off versus Glenn Gawdin in neutral zone.
3:12 of 2nd period - Snap shot by Martin Kaut.
3:12 of 2nd period - Shot Misses the Net.
3:13 of 2nd period - Alex Green and Glenn Gawdin fight to a draw.
3:13 of 2nd period - Penalty to Alex Green for Fighting.
3:13 of 2nd period - Penalty to Glenn Gawdin for Fighting.
3:14 of 2nd period - Mark Kastelic wins face-off versus Quinton Byfield in Toronto St Pats zone.
3:15 of 2nd period - Snap shot by Mackenzie MacEachern.
3:15 of 2nd period - Stopped by Jakub Skarek with a rebound.
3:17 of 2nd period - Wrist shot by Mackenzie MacEachern.
3:17 of 2nd period - Stopped by Jakub Skarek with a rebound.
3:19 of 2nd period - Slapshot by Kyle Burroughs.
3:19 of 2nd period - Shot Misses the Net.
3:24 of 2nd period - Minor Penalty to Quinton Byfield for Hooking.
3:25 of 2nd period - Mark Kastelic wins face-off versus Jake Leschyshyn in Toronto St Pats zone.
3:25 of 2nd period - Snap shot by Mackenzie MacEachern.
3:25 of 2nd period - Stopped by Jakub Skarek with a rebound.
3:27 of 2nd period - Wrist shot by Mark Kastelic.
3:27 of 2nd period - Deflect By Mackenzie MacEachern.
3:27 of 2nd period - Shot Hit the Post.
3:27 of 2nd period - Puck is out of play.
3:28 of 2nd period - Mark Kastelic wins face-off versus Jake Leschyshyn in Toronto St Pats zone.
4:45 of 2nd period - Brad Malone is hit by Simon Holmstrom.
5:24 of 2nd period - Penalty to Quinton Byfield is over, Quinton Byfield is back on ice.
5:24 of 2nd period - Scott Perunovich is hit by Brayden Tracey and loses puck.
5:38 of 2nd period - Connor Dewar is hit by Mike Hardman and loses puck.
6:00 of 2nd period - Joey Keane is hit by Lucas Carlsson and loses puck.
9:00 of 2nd period - Alex Green is hit by Scott Perunovich and loses puck.
10:06 of 2nd period - Dylan Samberg is hit by Reese Johnson and loses puck.
10:45 of 2nd period - Wrist shot by Luke Henman.
10:45 of 2nd period - Stopped by Mads Sogaard with a rebound.
11:01 of 2nd period - Braden Schneider is hit by Austin Watson.
11:23 of 2nd period - Reese Johnson is hit by Pierre-Olivier Joseph and loses puck.
11:30 of 2nd period - Wrist shot by Nils Lundkvist.
11:30 of 2nd period - Shot Misses the Net.
11:54 of 2nd period - Snap shot by Danila Klimovich.
11:54 of 2nd period - Deflect By Lukas Reichel.
11:54 of 2nd period - Shot Misses the Net.
11:54 of 2nd period - Puck is out of play.
11:55 of 2nd period - Glenn Gawdin wins face-off versus Graeme Clarke in Toronto St Pats zone.
12:00 of 2nd period - Wrist shot by Graeme Clarke.
12:00 of 2nd period - Shot Misses the Net.
12:02 of 2nd period - Snap shot by Graeme Clarke.
12:02 of 2nd period - Shot Misses the Net.
12:04 of 2nd period - Snap shot by Martin Kaut.
12:04 of 2nd period - Deflect By Graeme Clarke.
12:04 of 2nd period - Shot Misses the Net.
12:04 of 2nd period - Puck is out of play.
12:05 of 2nd period - Graeme Clarke wins face-off versus Quinton Byfield in Toronto St Pats zone.
12:14 of 2nd period - Slapshot by Simon Holmstrom.
12:14 of 2nd period - Stopped by Jakub Skarek with a rebound.
12:16 of 2nd period - Snap shot by Simon Holmstrom.
12:16 of 2nd period - Stopped by Jakub Skarek with a rebound.
12:18 of 2nd period - Snap shot by Graeme Clarke.
12:18 of 2nd period - Deflect By Simon Holmstrom.
12:18 of 2nd period - Shot Misses the Net.
12:18 of 2nd period - Puck is out of play.
12:19 of 2nd period - Mackenzie MacEachern wins face-off versus Quinton Byfield in Toronto St Pats zone.
12:20 of 2nd period - Snap shot by Oliver Wahlstrom.
12:20 of 2nd period - Shot Blocked by Dylan Samberg.
12:28 of 2nd period - Wrist shot by Mark Kastelic.
12:28 of 2nd period - Shot Blocked by Lassi Thomson.
12:30 of 2nd period - Slapshot by Nils Lundkvist.
12:30 of 2nd period - Deflect By Quinton Byfield.
12:30 of 2nd period - Stopped by Jakub Skarek with a rebound.
12:44 of 2nd period - Martin Kaut is hit by Brad Malone and loses puck.
13:16 of 2nd period - Graeme Clarke beats up Luke Henman.
13:16 of 2nd period - Penalty to Graeme Clarke for Fighting.
13:16 of 2nd period - Penalty to Luke Henman for Fighting.
13:17 of 2nd period - Mackenzie MacEachern wins face-off versus Quinton Byfield in Laval Squanderers zone.
13:42 of 2nd period - Brayden Tracey is hit by Brad Malone and loses puck.
13:57 of 2nd period - Minor Penalty to Rudolfs Balcers for Tripping.
13:58 of 2nd period - Jake Leschyshyn wins face-off versus Brayden Tracey in Toronto St Pats zone.
13:58 of 2nd period - Jake Leschyshyn is hit by Brayden Tracey.
14:32 of 2nd period - Snap shot by Mark Kastelic.
14:32 of 2nd period - Stopped by Jakub Skarek with a rebound.
14:34 of 2nd period - Wrist shot by Mark Kastelic.
14:34 of 2nd period - Shot Misses the Net.
15:42 of 2nd period - Slapshot by Justin Barron.
15:42 of 2nd period - Stopped by Jakub Skarek with a rebound.
15:56 of 2nd period - Pierre-Olivier Joseph is hit by Brayden Tracey and loses puck.
15:57 of 2nd period - Penalty to Rudolfs Balcers is over, Rudolfs Balcers is back on ice.
16:42 of 2nd period - Quinton Byfield is hit by Alex Green and loses puck.
16:53 of 2nd period - Slapshot by Dylan Samberg.
16:53 of 2nd period - Stopped by Mads Sogaard with a rebound.
17:48 of 2nd period - Nikita Okhotyuk is hit by Mark Kastelic and loses puck.
18:01 of 2nd period - Minor Penalty to Oliver Wahlstrom for Holding.
18:02 of 2nd period - Quinton Byfield wins face-off versus Martin Kaut in Laval Squanderers zone.
18:09 of 2nd period - Snap shot by Jesse Puljujarvi.
18:09 of 2nd period - Shot Misses the Net.
18:16 of 2nd period - Penalty to Graeme Clarke is over, Graeme Clarke is back on ice.
18:27 of 2nd period - Snap shot by Mark Kastelic.
18:27 of 2nd period - Goal by Mark Kastelic - Toronto St Pats : 0 - Laval Squanderers : 1.
18:28 of 2nd period - Mackenzie MacEachern wins face-off versus Quinton Byfield in neutral zone.
18:35 of 2nd period - Wrist shot by Mackenzie MacEachern.
18:35 of 2nd period - Shot Misses the Net.
19:09 of 2nd period - Wrist shot by Mark Kastelic.
19:09 of 2nd period - Shot Blocked by Glenn Gawdin.
19:28 of 2nd period - Icing by Lucas Carlsson.
19:29 of 2nd period - Quinton Byfield wins face-off versus Martin Kaut in Toronto St Pats zone.
Goals for this period are 0 for Toronto St Pats vs 1 for Laval Squanderers.
Shots for this period are 6 for Toronto St Pats vs 10 for Laval Squanderers.
3rd period
0:01 of 3rd period - Penalty to Oliver Wahlstrom is over, Oliver Wahlstrom is back on ice.
0:01 of 3rd period - Quinton Byfield wins face-off versus Martin Kaut in neutral zone.
1:11 of 3rd period - Wrist shot by Lukas Reichel.
1:11 of 3rd period - Goal by Lukas Reichel - Toronto St Pats : 0 - Laval Squanderers : 2.
1:12 of 3rd period - Mark Kastelic wins face-off versus Quinton Byfield in neutral zone.
1:15 of 3rd period - Jesse Puljujarvi is hit by Oliver Wahlstrom and loses puck.
1:22 of 3rd period - Snap shot by Oliver Wahlstrom.
1:22 of 3rd period - Stopped by Jakub Skarek without a rebound.
1:23 of 3rd period - Quinton Byfield wins face-off versus Mark Kastelic in Toronto St Pats zone.
1:29 of 3rd period - Mark Kastelic and Quinton Byfield fight to a draw.
1:29 of 3rd period - Penalty to Mark Kastelic for Fighting.
1:29 of 3rd period - Penalty to Quinton Byfield for Fighting.
1:30 of 3rd period - Liam Foudy wins face-off versus Brayden Tracey in Toronto St Pats zone.
1:55 of 3rd period - Justin Barron is hit by Dylan Samberg and loses puck.
2:00 of 3rd period - Slapshot by Scott Perunovich.
2:00 of 3rd period - Stopped by Mads Sogaard with a rebound.
2:02 of 3rd period - Snap shot by Ivan Lodnia.
2:02 of 3rd period - Goal by Ivan Lodnia - Toronto St Pats : 1 - Laval Squanderers : 2.
2:03 of 3rd period - Liam Foudy wins face-off versus Graeme Clarke in neutral zone.
2:03 of 3rd period - Liam Foudy is hit by Braden Schneider.
2:07 of 3rd period - Braden Schneider is hit by Jesse Puljujarvi and loses puck.
2:16 of 3rd period - Dylan Samberg is hit by Martin Kaut and loses puck.
2:20 of 3rd period - Simon Holmstrom and Dylan Samberg fight to a draw.
2:20 of 3rd period - Penalty to Simon Holmstrom for Fighting.
2:20 of 3rd period - Penalty to Dylan Samberg for Fighting.
2:21 of 3rd period - Liam Foudy wins face-off versus Brayden Tracey in Toronto St Pats zone.
2:21 of 3rd period - Liam Foudy is hit by Kyle Burroughs.
2:35 of 3rd period - Snap shot by Jesse Puljujarvi.
2:35 of 3rd period - Shot Blocked by Kyle Burroughs.
2:47 of 3rd period - Slapshot by Martin Kaut.
2:47 of 3rd period - Stopped by Jakub Skarek with a rebound.
2:49 of 3rd period - Slapshot by Reese Johnson.
2:49 of 3rd period - Stopped by Jakub Skarek with a rebound.
4:22 of 3rd period - Lukas Reichel is hit by Lassi Thomson and loses puck.
4:38 of 3rd period - Slapshot by Kyle Burroughs.
4:38 of 3rd period - Shot Misses the Net.
4:55 of 3rd period - Snap shot by Mackenzie MacEachern.
4:55 of 3rd period - Shot Misses the Net.
4:57 of 3rd period - Slapshot by Mackenzie MacEachern.
4:57 of 3rd period - Shot Blocked by Pierre-Olivier Joseph.
5:11 of 3rd period - Snap shot by Mackenzie MacEachern.
5:11 of 3rd period - Shot Blocked by Lassi Thomson.
5:13 of 3rd period - Snap shot by Oliver Wahlstrom.
5:13 of 3rd period - Shot Blocked by Luke Henman.
5:15 of 3rd period - Snap shot by Mackenzie MacEachern.
5:15 of 3rd period - Shot Misses the Net.
5:17 of 3rd period - Slapshot by Alex Green.
5:17 of 3rd period - Stopped by Jakub Skarek with a rebound.
5:19 of 3rd period - Slapshot by Kyle Burroughs.
5:19 of 3rd period - Deflect By Oliver Wahlstrom.
5:19 of 3rd period - Shot Misses the Net.
5:19 of 3rd period - Puck is out of play.
5:20 of 3rd period - Graeme Clarke wins face-off versus Brad Malone in Toronto St Pats zone.
5:23 of 3rd period - Slapshot by Brayden Tracey.
5:23 of 3rd period - Goal by Brayden Tracey - Toronto St Pats : 1 - Laval Squanderers : 3.
5:24 of 3rd period - Graeme Clarke wins face-off versus Liam Foudy in neutral zone.
5:29 of 3rd period - Slapshot by Martin Kaut.
5:29 of 3rd period - Stopped by Jakub Skarek with a rebound.
5:31 of 3rd period - Slapshot by Kyle Burroughs.
5:31 of 3rd period - Shot Blocked by Lucas Carlsson.
5:33 of 3rd period - Slapshot by Martin Kaut.
5:33 of 3rd period - Stopped by Jakub Skarek without a rebound.
5:34 of 3rd period - Liam Foudy wins face-off versus Graeme Clarke in Toronto St Pats zone.
5:34 of 3rd period - Liam Foudy is hit by Brayden Tracey.
5:42 of 3rd period - Wrist shot by Austin Watson.
5:42 of 3rd period - Shot Blocked by Martin Kaut.
6:06 of 3rd period - Lucas Carlsson is hit by Kyle Burroughs and loses puck.
6:17 of 3rd period - Wrist shot by Brayden Tracey.
6:17 of 3rd period - Goal by Brayden Tracey - Toronto St Pats : 1 - Laval Squanderers : 4.
6:18 of 3rd period - Brayden Tracey wins face-off versus Glenn Gawdin in neutral zone.
6:20 of 3rd period - Off-side.
6:21 of 3rd period - Brayden Tracey wins face-off versus Brad Malone in neutral zone.
6:26 of 3rd period - Glenn Gawdin is hit by Justin Barron and loses puck.
6:41 of 3rd period - Minor Penalty to Glenn Gawdin for Diving.
6:42 of 3rd period - Jake Leschyshyn wins face-off versus Mark Kastelic in Toronto St Pats zone.
7:03 of 3rd period - Icing by Oliver Wahlstrom.
7:04 of 3rd period - Jake Leschyshyn wins face-off versus Mark Kastelic in Laval Squanderers zone.
7:07 of 3rd period - Wrist shot by Scott Perunovich.
7:07 of 3rd period - Stopped by Mads Sogaard without a rebound.
7:08 of 3rd period - Graeme Clarke wins face-off versus Jake Leschyshyn in Laval Squanderers zone.
7:08 of 3rd period - Graeme Clarke is hit by Jake Leschyshyn.
7:20 of 3rd period - Penalty to Dylan Samberg is over, Dylan Samberg is back on ice.
7:24 of 3rd period - Snap shot by Graeme Clarke.
7:24 of 3rd period - Stopped by Jakub Skarek without a rebound.
7:25 of 3rd period - Jake Leschyshyn wins face-off versus Oliver Wahlstrom in Toronto St Pats zone.
8:41 of 3rd period - Penalty to Glenn Gawdin is over, Glenn Gawdin is back on ice.
8:54 of 3rd period - Wrist shot by Ivan Lodnia.
8:54 of 3rd period - Shot Blocked by Reese Johnson.
8:56 of 3rd period - Snap shot by Ivan Lodnia.
8:56 of 3rd period - Shot Misses the Net.
8:58 of 3rd period - Slapshot by Pierre-Olivier Joseph.
8:58 of 3rd period - Shot Blocked by Kyle Burroughs.
9:20 of 3rd period - Mike Hardman is hit by Quinton Byfield and loses puck.
9:55 of 3rd period - Wrist shot by Brad Malone.
9:55 of 3rd period - Stopped by Mads Sogaard without a rebound.
9:56 of 3rd period - Graeme Clarke wins face-off versus Glenn Gawdin in Laval Squanderers zone.
10:01 of 3rd period - Slapshot by Nils Lundkvist.
10:01 of 3rd period - Stopped by Jakub Skarek with a rebound.
10:56 of 3rd period - Wrist shot by Mike Hardman.
10:56 of 3rd period - Stopped by Jakub Skarek with a rebound.
10:58 of 3rd period - Snap shot by Joey Keane.
10:58 of 3rd period - Stopped by Jakub Skarek without a rebound.
10:59 of 3rd period - Graeme Clarke wins face-off versus Quinton Byfield in Toronto St Pats zone.
11:00 of 3rd period - Snap shot by Martin Kaut.
11:00 of 3rd period - Stopped by Jakub Skarek with a rebound.
11:02 of 3rd period - Snap shot by Simon Holmstrom.
11:02 of 3rd period - Shot Misses the Net.
11:04 of 3rd period - Slapshot by Justin Barron.
11:04 of 3rd period - Shot Misses the Net.
11:06 of 3rd period - Wrist shot by Nils Lundkvist.
11:06 of 3rd period - Deflect By Simon Holmstrom.
11:06 of 3rd period - Shot Misses the Net.
11:06 of 3rd period - Puck is out of play.
11:07 of 3rd period - Graeme Clarke wins face-off versus Jesse Puljujarvi in Toronto St Pats zone.
11:12 of 3rd period - Wrist shot by Simon Holmstrom.
11:12 of 3rd period - Shot Misses the Net.
11:14 of 3rd period - Slapshot by Justin Barron.
11:14 of 3rd period - Stopped by Jakub Skarek with a rebound.
11:16 of 3rd period - Backhand shot by Justin Barron.
11:16 of 3rd period - Stopped by Jakub Skarek without a rebound.
11:17 of 3rd period - Mark Kastelic wins face-off versus Quinton Byfield in Toronto St Pats zone.
11:21 of 3rd period - Minor Penalty to Jesse Puljujarvi for Interference.
11:22 of 3rd period - Jake Leschyshyn wins face-off versus Graeme Clarke in Toronto St Pats zone.
11:33 of 3rd period - Snap shot by Jake Leschyshyn.
11:33 of 3rd period - Shot Blocked by Braden Schneider.
11:35 of 3rd period - Snap shot by Austin Watson.
11:35 of 3rd period - Stopped by Mads Sogaard with a rebound.
11:37 of 3rd period - Snap shot by Jake Leschyshyn.
11:37 of 3rd period - Shot Misses the Net.
12:51 of 3rd period - Snap shot by Pierre-Olivier Joseph.
12:51 of 3rd period - Shot Blocked by Justin Barron.
13:14 of 3rd period - Kyle Burroughs is hit by Lassi Thomson and loses puck.
13:21 of 3rd period - Penalty to Jesse Puljujarvi is over, Jesse Puljujarvi is back on ice.
13:51 of 3rd period - Slapshot by Rudolfs Balcers.
13:51 of 3rd period - Stopped by Mads Sogaard with a rebound.
14:02 of 3rd period - Brayden Tracey is hit by Rudolfs Balcers and loses puck.
14:17 of 3rd period - Slapshot by Alex Green.
14:17 of 3rd period - Stopped by Jakub Skarek with a rebound.
14:43 of 3rd period - Nikita Okhotyuk is hit by Lukas Reichel and loses puck.
15:05 of 3rd period - Ivan Lodnia is hit by Braden Schneider.
15:24 of 3rd period - Icing by Dylan Samberg.
15:25 of 3rd period - Danila Klimovich wins face-off versus Glenn Gawdin in Toronto St Pats zone.
15:43 of 3rd period - Icing by Lassi Thomson.
15:44 of 3rd period - Quinton Byfield wins face-off versus Mark Kastelic in Toronto St Pats zone.
15:44 of 3rd period - Quinton Byfield is hit by Oliver Wahlstrom.
15:52 of 3rd period - Snap shot by Jesse Puljujarvi.
15:52 of 3rd period - Shot Misses the Net.
16:10 of 3rd period - Off-side.
16:11 of 3rd period - Graeme Clarke wins face-off versus Jake Leschyshyn in neutral zone.
16:20 of 3rd period - Snap shot by Liam Foudy.
16:20 of 3rd period - Stopped by Mads Sogaard without a rebound.
16:21 of 3rd period - Graeme Clarke wins face-off versus Quinton Byfield in Laval Squanderers zone.
16:26 of 3rd period - Wrist shot by Jesse Puljujarvi.
16:26 of 3rd period - Stopped by Mads Sogaard with a rebound.
16:28 of 3rd period - Wrist shot by Austin Watson.
16:28 of 3rd period - Stopped by Mads Sogaard with a rebound.
16:30 of 3rd period - Wrist shot by Austin Watson.
16:30 of 3rd period - Stopped by Mads Sogaard with a rebound.
16:32 of 3rd period - Slapshot by Lassi Thomson.
16:32 of 3rd period - Shot Misses the Net.
16:34 of 3rd period - Slapshot by Dylan Samberg.
16:34 of 3rd period - Shot Misses the Net.
16:36 of 3rd period - Wrist shot by Quinton Byfield.
16:36 of 3rd period - Stopped by Mads Sogaard with a rebound.
17:01 of 3rd period - Lassi Thomson is hit by Mark Kastelic and loses puck.
17:14 of 3rd period - Slapshot by Rudolfs Balcers.
17:14 of 3rd period - Stopped by Mads Sogaard without a rebound.
17:15 of 3rd period - Quinton Byfield wins face-off versus Danila Klimovich in Laval Squanderers zone.
17:16 of 3rd period - Snap shot by Jesse Puljujarvi.
17:16 of 3rd period - Stopped by Mads Sogaard without a rebound.
17:17 of 3rd period - Mark Kastelic wins face-off versus Quinton Byfield in Laval Squanderers zone.
17:28 of 3rd period - Wrist shot by Quinton Byfield.
17:28 of 3rd period - Shot Misses the Net.
17:32 of 3rd period - Snap shot by Jesse Puljujarvi.
17:32 of 3rd period - Stopped by Mads Sogaard with a rebound.
17:38 of 3rd period - Minor Penalty to Kyle Burroughs for Hooking.
17:39 of 3rd period - Quinton Byfield wins face-off versus Martin Kaut in Laval Squanderers zone.
18:57 of 3rd period - Snap shot by Mark Kastelic.
18:57 of 3rd period - Shot Misses the Net.
19:38 of 3rd period - Penalty to Kyle Burroughs is over, Kyle Burroughs is back on ice.
Goals for this period are 1 for Toronto St Pats vs 3 for Laval Squanderers.
Shots for this period are 14 for Toronto St Pats vs 17 for Laval Squanderers.
Back to the Top